 Dungeon Crawl Stone Soup version 0.29.0-13-gc9e81de378 (webtiles) character file.

Game seed: 1961440804389689422

52 ragingrage the Chopper (level 3, 0/31 HPs)
             Began as a Hill Orc Monk on Sept 10, 2022.
             Succumbed to an adder's poison
             ... on level 2 of the Dungeon.
             The game lasted 00:01:00 (1242 turns).

ragingrage the Chopper (Hill Orc Monk)              Turns: 1242, Time: 00:01:00

Health: 0/31       AC:  2    Str: 14 (15) XL:     3   Next: 85%
Magic:  3/3        EV: 12    Int:  9 (10) God:
Gold:   63         SH:  0    Dex: 12 (13) Spells: 2/2 levels left

rFire   + . .      SeeInvis .   a - +0 hand axe
rCold   + . .      Faith    .   (no shield)
rNeg    . . .      Spirit   .   b - +0 robe
rPois   .          Reflect  .   (no helmet)
rElec   .          Harm     .   e - scarf {rC+ rF+}
rCorr   .          Rampage  .   (no gloves)
Will    .....                   (no boots)
Stlth   ++........              f - amulet of magic regeneration
HPRegen 0.10/turn               (no ring)
MPRegen 0.48/turn               (no ring)

@: mighty, lethally poisoned (0 -> -2)
A: no striking features
a: no special abilities


You were on level 2 of the Dungeon.
You visited 1 branch of the dungeon, and saw 2 of its levels.

You collected 63 gold pieces.

Inventory:

Hand Weapons
 a - a +0 hand axe (weapon)
Missiles
 j - 3 poisoned darts (quivered)
 k - 4 atropa-tipped darts
Armour
 b - a +0 robe (worn)
 e - a scarf of resistance (worn)
Jewellery
 f - an amulet of magic regeneration (around neck)
 m - a ring of positive energy
Scrolls
 d - 5 scrolls of identify {unknown}
 g - a scroll of torment {unknown}
 i - a scroll of summoning {unknown}
 n - a scroll of poison {unknown}


   Skills:
 - Level 3.6 Fighting
 + Level 6.2 Axes
 - Level 2.4 Dodging
 - Level 1.5 Stealth


You had 2 spell levels left.
You didn't know any spells.
Your spell library was empty.

Dungeon Overview and Level Annotations

Branches:
Dungeon (2/15)

Altars:

Annotations:
D:1 exclusion: downstairs


Message History

* * * LOW HITPOINT WARNING * * *
You bump into the rock wall.
You feel sick. The adder closely misses you. The gnoll hits you with a +0 whip.
* * * LOW HITPOINT WARNING * * *
The adder misses you.
You're too confused to move!
You feel sick. The adder misses you. The gnoll hits you with a +0 whip.
* * * LOW HITPOINT WARNING * * *
You're too confused to move!
You feel sick. The adder barely misses you. The gnoll hits you with a +0 whip.
* * * LOW HITPOINT WARNING * * *
You closely miss the adder.
The adder is heavily wounded.
You hit the gnoll.
You feel sick.
You are no longer poisoned.
The adder misses you. The gnoll closely misses you. The adder bites you.
* * * LOW HITPOINT WARNING * * *
You are lethally poisoned!
The adder poisons you!
You bump into the rock wall.
You feel sick. The adder misses you. The gnoll hits you with a +0 whip.
* * * LOW HITPOINT WARNING * * *
You bump into the rock wall.
You feel less invigorated.
You feel less confused.
You feel sick. The adder barely misses you. The gnoll misses you.
You miss the adder.
The adder is heavily wounded.
You closely miss the gnoll.
You feel sick.
The gnoll shouts!
The adder barely misses you. The gnoll hits you with a +0 whip.
* * * LOW HITPOINT WARNING * * *
It was a potion of degeneration.
There was something very wrong with that liquid.
You feel weakened.
You feel dopey.
You feel clumsy.
You feel sick. The adder barely misses you. The adder bites you.
* * * LOW HITPOINT WARNING * * *
The gnoll closely misses you.
It was a potion of might.
You feel very mighty all of a sudden.
You die...

#.# #.# ### #.###.##
#. ###......##
#..###.........#
........###...##
.............##
#.###.#g####.# #.#@#
#.# # #S# #.# #[#
#.# #(# #)# (.. #.#
##g## #.# #g# .#.# #
#.##....#
###.#######.#..#....


You could see 2 gnolls, an adder and a goblin (wandering).

Vanquished Creatures
  Jessica (D:2)
  A worm (D:2)
  A dart slug (D:1)
  2 ball pythons (D:1)
  2 endoplasms (D:1)
  2 giant cockroaches (D:1)
  A goblin (D:1)
  4 hobgoblins (D:1)
  2 quokkas (D:1)
  A bat (D:1)
  A frilled lizard (D:2)
  A kobold (D:1)
19 creatures vanquished.

Notes
Turn   | Place    | Note
-------+----------+-------------------------------------------
     0 | D:1      | ragingrage the Hill Orc Monk began the quest for the Orb.
     0 | D:1      | Reached XP level 1. HP: 19/19 MP: 1/1
   163 | D:1      | Reached XP level 2. HP: 25/26 MP: 2/2
   359 | D:1      | Found a faded altar of an unknown god.
   401 | D:1      | Reached skill level 5 in Axes
   810 | D:2      | Noticed Jessica
   819 | D:2      | Killed Jessica
   820 | D:2      | Reached skill level 6 in Axes
   820 | D:2      | Reached XP level 3. HP: 11/31 MP: 3/3
  1241 | D:2      | HP: 1/31 [adder (4)]
  1242 | D:2      | Succumbed to an adder's poison

Illustrated notes

Levels and vault maps discovered:
D:1:      amcnicky_arrival_choice, layout_rooms,
          dreamdust_ecumenical_altar_grove
D:2:      layout_loops_ring, chequers_serial_rivers_room_a,
          minmay_stone_trees_medium, uniq_crazy_yiuf_cottage, uniq_jessica

Skill      XL: |  1  2 |
---------------+-------+-----
Axes           | 6 |  6.2
Fighting       | |  3.6
Dodging        | |  2.4
Stealth        | |  1.5

Action                   || total
-------------------------++-------
Melee: Hand axe          ||    83
       Punch             ||     1
Throw: Dart              ||     2
  Use: Potion            ||     3
Armor: Robe              ||    15
Dodge: Dodged            ||    66
